 Dungeon Crawl Stone Soup version 0.22-a0-196-gee22f2738c (webtiles) character file.

164 4tharraofdagon the Gusty (level 5, -1/24 HPs)
             Began as a Spriggan Air Elementalist on Feb 17, 2018.
             Shot with an arrow by a centaur (12 damage)
             ... on level 7 of the Dungeon.
             The game lasted 00:09:32 (1090 turns).

4tharraofdagon the Gusty (SpAE)                     Turns: 1090, Time: 00:09:33

Health: -1/24      AC:  2    Str:  4    XL:     5   Next: 21%
Magic:  12/12      EV: 18    Int: 17    God:
Gold:   47         SH:  0    Dex: 17    Spells: 11/12 levels left

rFire    . . .     SeeInvis +   e - +1 spear
rCold    . . .     Gourm    .   (shield restricted)
rNeg     . . .     Faith    .   a - +0 robe
rPois    .         Spirit   .   (helmet restricted)
rElec    .         Reflect  .   (no cloak)
rCorr    .         Harm     .   (gloves unavailable)
MR       .....                  (boots unavailable)
Stlth    +++.......             (no amulet)
HPRegen  0.08/turn              j - ring of wizardry
MPRegen  0.13/turn              r - ring of stealth

@: very quick
A: very small, unfitting armour, see invisible, herbivore, speed 3, slow
metabolism 2
a: no special abilities


You were on level 7 of the Dungeon.
You were not hungry.

You visited 1 branch of the dungeon, and saw 7 of its levels.

You collected 47 gold pieces.

Inventory:

Hand Weapons
 e - a +1 spear (weapon)
 l - a +0 short sword
Armour
 a - a +0 robe (worn)
 n - a cursed +0 ring mail
Jewellery
 j - a ring of wizardry (left hand)
 k - an uncursed ring of protection from magic
 r - a ring of stealth (right hand)
Scrolls
 f - a scroll of enchant armour {unknown}
 h - a scroll of teleportation
 o - a scroll of blinking
Potions
 m - a potion of lignification
 p - a potion of degeneration
Books
 b - a book of Air

   Spells                             Type                      Level
   a - Shock                          Conjuration/Air              1
   b - Swiftness                      Charms/Air                   2
   c - Static Discharge               Conjuration/Air              3
   d - Airstrike                      Air                          4
   e - Lightning Bolt                 Conjuration/Air              5
Comestibles
 c - 3 rations


   Skills:
 - Level 3.0 Dodging
 - Level 3.0 Stealth
 + Level 4.4 Spellcasting
 - Level 0.6 Conjurations
 * Level 4.7 Air Magic


You had 11 spell levels left.
You knew the following spells:

 Your Spells              Type           Power        Failure   Level  Hunger
a - Shock                 Conj/Air       ##..         1%          1    None


Dungeon Overview and Level Annotations

Branches:
Dungeon (7/15)
 Temple: D:4-7

Altars:
Hepliaklqana
Trog
Yredelemnul
The Shining One

Annotations:
D:2 Terence
D:6 Blork the orc


Innate Abilities, Weirdness & Mutations

You are very small and have problems with some larger weapons.
You are too small for most types of armour.
You have supernaturally acute eyesight. (SInv)
You are a herbivore.
You cover ground extremely quickly.
You need consume almost no food.


Message History

The centaur misses you.
Unknown command.
You feel better. The centaur closely misses you.
You open the door. The centaur misses you. The centaur hits you.
Found 2 scrolls of identify.
Unknown command.
There is an open door here.
Unknown command.
An orc comes into view. It is wielding a flail.
The centaur wields an uncursed shortbow.
The centaur shoots an arrow.
The arrow closely misses you.
Unknown command.
Unknown command.
Unknown command.
As you read the scroll labeled LIPYRY LIPIRPHI, it crumbles to dust.
It is a scroll of enchant weapon.
Your +0 spear glows red for a moment.
The centaur shoots an arrow.
The arrow hits you!
Ouch! That really hurt!
You die...

.... .......#+#######
...?....#...(?..#
........#.......# .
.......+...@...# .
.......##c##..## . #.....o..#..#
. #....o...#.... .
#..So....#..... #.. .
#........#....o.. #.. .
######..S.....#....... #..
###.#..(.o#######.......#.....#..
....#..o..#.....# #.....#..


You could see an orc warrior, a centaur, an adder and 3 orcs.

Vanquished Creatures
  A bullfrog (D:6)
  A jelly (D:6)
  A worker ant (D:6)
  An adder (D:6)
  An ooze (D:1)
  2 orcs
  3 giant cockroaches
  3 goblins
  4 kobolds
  2 quokkas (D:6)
  5 bats
  2 frilled lizards
  8 rats
  A butterfly (D:6)
35 creatures vanquished.

Notes
Turn   | Place    | Note
-------+----------+-------------------------------------------
     0 | D:1      | 4tharraofdagon the Spriggan Air Elementalist began the quest for the Orb.
     0 | D:1      | Reached XP level 1. HP: 9/9 MP: 5/5
   174 | D:1      | Reached XP level 2. HP: 6/13 MP: 2/7
   229 | D:1      | You fall through a shaft!
   312 | D:2      | Found a bloodstained altar of Trog.
   312 | D:2      | Noticed Terence
   405 | D:3      | Found a glowing golden altar of the Shining One.
   445 | D:3      | Reached XP level 3. HP: 10/16 MP: 0/8
   449 | D:3      | Noticed a necrophage
   546 | D:5      | Entered Level 5 of the Dungeon
   710 | D:6      | Found a hazy altar of Hepliaklqana.
   761 | D:6      | Reached XP level 4. HP: 17/21 MP: 6/10
   828 | D:6      | Noticed a bullfrog
   914 | D:6      | Killed a bullfrog
   914 | D:6      | Reached XP level 5. HP: 14/24 MP: 4/12
   937 | D:6      | Noticed Blork the orc
   979 | D:6      | Noticed an ogre
  1006 | D:6      | Noticed an orc warrior
  1045 | D:7      | Found a basalt altar of Yredelemnul.
  1046 | D:7      | Noticed an orc warrior
  1050 | D:7      | Noticed an ogre
  1050 | D:7      | Noticed a sky beast
  1079 | D:7      | Noticed a centaur
  1090 | D:7      | Shot with an arrow by a centaur

Vault maps used:
D:1:      lemuel_arrival_behind_the_door_large, minmay_pentomino_v2
D:2:      nicolae_overflow_crystal_walls, lemuel_crystal_altar, uniq_terence,
          uniq_sigmund
D:3:      tso_metal_star, first_ration, lightli_sewer_entry_pipes,
          kennysheep_decorative_pillar, interstate_on_off,
          minmay_misc_feat_plants
D:4:      serial_bayou_pond_d
D:5:      makhleb_blood_cavern_becter
D:6:      black_bear_nest_2, old_standard_altar, kennysheep_mini,
          lemuel_doored_altar, minmay_temple_entry_butterflies,
          minmay_misc_feat_room, nicolae_ru_path_of_blood, uniq_blork_the_orc
D:7:      lemuel_coloured_pillars_altar, nicolae_gozag_zags_fifth_avenue,
          gammafunk_temple_overflow_elements, lemuel_crystal_altar, basic_altar,
          enter_bailey_3

Skill      XL: |  1  2  3  4 |
---------------+-------------+-----
Spellcasting   | 3 4 |  4.4
Air Magic      | 3 4 |  4.7
Dodging        | |  3.0
Stealth        | |  3.0
Conjurations   | |  0.6

Action                   |  1- 3 |  4- 6 || total
-------------------------+-------+-------++-------
Melee: Spear             |    45 |     2 ||    47
 Cast: Shock             |    40 |    23 ||    63
  Use: Scroll            |       |     7 ||     7
       Potion            |       |     1 ||     1
 Stab: Sleeping          |     4 |     1 ||     5
Armor: Robe              |    10 |     1 ||    11
Dodge: Dodged            |    59 |    23 ||    82

Table legend:
 A = Spawn XP
 B = Non-spawn XP
 C = Spawn XP percentage of total XP
 D = Spawn monster count
 E = Non-spawn monster count
 F = Spawn count percentage of total count
 G = Total turns spent on level
                    A         B        C        D         E        F      G
               +---------+---------+-------+---------+---------+-------+---------
         Total |       0 |     235 |   0.0 |       0 |      34 |   0.0 |  1090
               +---------+---------+-------+---------+---------+-------+---------
           D:1 |       0 |      22 |   0.0 |       0 |      12 |   0.0 |   229
           D:2 |       0 |      11 |   0.0 |       0 |       8 |   0.0 |   124
           D:3 |       0 |       9 |   0.0 |       0 |       6 |   0.0 |   184
           D:5 |       0 |       3 |   0.0 |       0 |       1 |   0.0 |    89
           D:6 |       0 |     187 |   0.0 |       0 |       6 |   0.0 |   378
           D:7 |       0 |       3 |   0.0 |       0 |       1 |   0.0 |    77
               +---------+---------+-------+---------+---------+-------+---------

Vault maps used:
D:1:      lemuel_arrival_behind_the_door_large, minmay_pentomino_v2
D:2:      nicolae_overflow_crystal_walls, lemuel_crystal_altar, uniq_terence,
          uniq_sigmund
D:3:      tso_metal_star, first_ration, lightli_sewer_entry_pipes,
          kennysheep_decorative_pillar, interstate_on_off,
          minmay_misc_feat_plants
D:4:      serial_bayou_pond_d
D:5:      makhleb_blood_cavern_becter
D:6:      black_bear_nest_2, old_standard_altar, kennysheep_mini,
          lemuel_doored_altar, minmay_temple_entry_butterflies,
          minmay_misc_feat_room, nicolae_ru_path_of_blood, uniq_blork_the_orc
D:7:      lemuel_coloured_pillars_altar, nicolae_gozag_zags_fifth_avenue,
          gammafunk_temple_overflow_elements, lemuel_crystal_altar, basic_altar,
          enter_bailey_3
